 Dungeon Crawl Stone Soup version 0.29-a0-416-g83a48905f1 (webtiles) character file.

Game seed: 15538135754352343496

151 hquester the Grave Robber (level 5, -5/35 HPs)
             Began as a Demonspawn Necromancer on May 16, 2022.
             Killed from afar by Terence (8 damage)
             ... with a puff of flame
             ... on level 3 of the Dungeon.
             The game lasted 00:19:19 (3412 turns).

hquester the Grave Robber (Demonspawn Necromancer)  Turns: 3412, Time: 00:19:20

Health: -5/35      AC:  2    Str:  9    XL:     5   Next: 11%
Magic:  9/9        EV: 13    Int: 22    God:
Gold:   78         SH:  6    Dex: 15    Spells: 6/10 levels left

rFire   . . .      SeeInvis .   f - +0 dagger
rCold   . . .      Faith    .   (no shield)
rNeg    . . .      Spirit   .   a - +0 robe
rPois   .          Reflect  .   (no helmet)
rElec   .          Harm     .   (no cloak)
rCorr   .          Rampage  .   (no gloves)
Will    .....                   (no boots)
Stlth   ++........              (no amulet)
HPRegen 0.11/turn               c - +6 ring of intelligence
MPRegen 0.11/turn               (no ring)

@: no status effects
A: large bone plates 2, powered by death 1, weakness stinger 1
a: no special abilities


You were on level 3 of the Dungeon.
You visited 1 branch of the dungeon, and saw 3 of its levels.

You collected 78 gold pieces.

Inventory:

Hand Weapons
 f - a +0 dagger (weapon)
Armour
 a - a +0 robe (worn)
Jewellery
 c - a +6 ring of intelligence (left hand)
Scrolls
 e - a scroll of fear {unknown}
 h - a scroll of teleportation {unknown}
 i - a scroll of identify {unknown}
Potions
 d - 2 potions of might {unknown}
 g - a potion of heal wounds {unknown}
 j - a potion of flight {unknown}


   Skills:
 + Level 2.8 Dodging
 + Level 3.0 Stealth
 + Level 3.0 Spellcasting
 + Level 5.1 Necromancy


You had 6 spell levels left.
You knew the following spells:

 Your Spells              Type           Power      Damage    Failure   Level
a - Pain                  Necr           100%       1d9       1%          1
b - Vampiric Draining     Necr           26%        2d7       4%          3

Your spell library contained the following spells:

 Spells                   Type           Power      Damage    Failure   Level
 Animate Skeleton         Necr           52%        N/A       1%          1
 Animate Dead             Necr           13%        N/A       14%         4
 Ensorcelled Hibernation  Hex/Ice        6%         N/A       19%         2
 Passwall                 Tmut/Erth      2%         N/A       19%         2
 Swiftness                Air            3%         N/A       36%         3
 Agony                    Necr           26%        N/A       38%         5


Dungeon Overview and Level Annotations

Branches:
Dungeon (3/15)

Altars:
Uskayaw
Beogh

Shops:
D:1 *

Annotations:
D:3 Grinder, Terence


Innate Abilities, Weirdness & Mutations

You are mostly covered in large bone plates. (SH +6)
You regenerate a little health from kills.
You have a small tail.


Message History

Terence is heavily wounded.
Terence zaps a wand.
You block the puff of flame.
You hit Terence.
You tail-slap Terence, but do no damage.
Terence is heavily wounded.
Terence barely misses you.
You hit Terence but do no damage.
You tail-slap Terence, but do no damage.
Terence is heavily wounded.
Terence zaps a wand.
The puff of flame hits you!
Casting: Vampiric Draining (dangerous; 4% risk of failure)
Confirm with . or Enter, or press ? or * to list all spells.
Aiming: Vampiric Draining (dangerous; 4% risk of failure)
Press: ? - help, Shift-Dir - straight line, f/p - Terence
Aim: Terence, wielding a +0 mace, wearing a +0 chain mail and carrying a wand of flame (6) (heavily wounded)
You draw life force from Terence.
You feel life coursing into your body.
Terence zaps a wand.
The puff of flame hits you.
* * * LOW HITPOINT WARNING * * *
Casting: Vampiric Draining (dangerous; 4% risk of failure)
Confirm with . or Enter, or press ? or * to list all spells.
Aiming: Vampiric Draining (dangerous; 4% risk of failure)
Press: ? - help, Shift-Dir - straight line, f/p - Terence
Aim: Terence, wielding a +0 mace, wearing a +0 chain mail and carrying a wand of flame (5) (heavily wounded)
You draw life force from Terence!
You feel life coursing into your body. Terence barely misses you.
You hit Terence but do no damage.
Terence is almost dead.
Terence hits you with a +0 mace.
* * * LOW HITPOINT WARNING * * *
You hit Terence but do no damage.
Terence is almost dead.
Terence hits you with a +0 mace.
* * * LOW HITPOINT WARNING * * *
You hit Terence but do no damage.
Terence is almost dead.
Terence hits you with a +0 mace.
* * * LOW HITPOINT WARNING * * *
Magic courses through your body.
Terence zaps a wand.
The puff of flame hits you!
You die...

#. ...... #. #....##
#.##.....###
##...........
#............
#............
#....@.......
#....@.......
#.....#...... #.....#
..... ....#. #....<#
.....#.#.#.##
.......................
####.##.##.#..........##
#.. ..................
#.. ..#...............
.. ..................#


You could see Terence.

Vanquished Creatures
  An orc priest (D:2)
  An orc wizard (D:1)
  Robin (D:3)
  An adder (D:2)
  2 dart slugs
  5 orcs (D:2)
  3 endoplasms
  5 giant cockroaches
  10 goblins
  9 hobgoblins
  3 jackals (D:2)
  5 ball pythons
  6 bats
  4 frilled lizards
  3 kobolds
  6 rats
65 creatures vanquished.

Notes
Turn   | Place    | Note
-------+----------+-------------------------------------------
     0 | D:1      | hquester the Demonspawn Necromancer began the quest for the
                  | Orb.
     0 | D:1      | Reached XP level 1. HP: 13/13 MP: 3/3
    10 | D:1      | Found Buxiceul's General Store.
   686 | D:1      | Gained mutation: You regenerate a little health from kills.
                  | [demonic ancestry]
   686 | D:1      | Reached XP level 2. HP: 19/19 MP: 5/5
  1431 | D:2      | Found a hide-covered altar of Uskayaw.
  1452 | D:2      | Gained mutation: You have a small tail. [demonic ancestry]
  1452 | D:2      | Reached XP level 3. HP: 18/24 MP: 6/6
  1966 | D:1      | Gained mutation: You are partially covered in large bone
                  | plates. (SH +4) [demonic ancestry]
  1966 | D:1      | Reached XP level 4. HP: 21/30 MP: 4/8
  2220 | D:2      | Reached skill level 5 in Necromancy
  2359 | D:2      | Found a faded altar of an unknown god.
  2572 | D:2      | Learned a level 3 spell: Vampiric Draining
  3005 | D:3      | Noticed Robin
  3020 | D:3      | Killed Robin
  3021 | D:3      | Gained mutation: You are mostly covered in large bone
                  | plates. (SH +6) [demonic ancestry]
  3021 | D:3      | Reached XP level 5. HP: 30/35 MP: 9/9
  3048 | D:3      | Noticed Grinder
  3092 | D:3      | Paralysed by Grinder for 4 turns
  3398 | D:3      | Noticed Terence
  3412 | D:3      | Killed from afar by Terence

Illustrated notes

Levels and vault maps discovered:
D:1:      lemuel_arrival_hallway, layout_rooms, serial_shops,
          nicolae_shop_stone, patterned_corridor
D:2:      minmay_wonky_spiral, layout_loops_ring, basic_altar,
          hellmonk_ecumenical_altar_defaced_shrine
D:3:      layout_basic, trog_wizard, st_stairs_10, goddamned_bats, uniq_grinder,
          uniq_robin, uniq_jessica, uniq_terence

Skill      XL: |  1  2  3  4 |
---------------+-------------+-----
Dodging        | 2 |  2.8
Stealth        | 2 3 |  3.0
Necromancy     | 5 |  5.1
Spellcasting   | 3 |  3.0

Action                   |  1- 3 |  4- 6 || total
-------------------------+-------+-------++-------
Melee: Unarmed           |     7 |       ||     7
       Dagger            |    75 |    81 ||   156
       Punch             |     2 |       ||     2
       Tailslap          |     1 |    20 ||    21
 Cast: Pain              |    37 |     6 ||    43
       Vampiric Draining |       |     6 ||     6
  Use: Scroll            |     3 |     1 ||     4
       Potion            |       |     1 ||     1
 Stab: Sleeping          |     6 |     2 ||     8
Armor: Robe              |    26 |    10 ||    36
Dodge: Dodged            |    59 |    41 ||   100
Block: Other             |       |    17 ||    17

Table legend: (Time is in decaauts)
 A = Elapsed time spent in this place.
 B = Non-inter-level travel time spent in this place.
 C = Inter-level travel time spent in this place.
 D = Time resting spent in this place.
 E = Time spent auto-exploring this place.
 F = Levels seen in this place.
 G = Mean time per level.
                   A        B        C        D        E       F      G
               +--------+--------+--------+--------+--------+-----+--------+
         Total |   3413 |   3413 |      0 |    610 |   2065 |   3 | 1137.7 |
       Dungeon |   3413 |   3413 |      0 |    610 |   2065 |   3 | 1137.7 |
               +--------+--------+--------+--------+--------+-----+--------+

Top non-repeatable levels by time:
     D:2: 1785 daAuts
     D:1: 1520 daAuts
     D:3: 108 daAuts
